 Dungeon Crawl Stone Soup version 0.26-a0-651-gb41185065b (webtiles) character file.

Game seed: 5103149596010559512

417 Lanoc the Poker (level 7, 0/53 HPs)
             Began as a Formicid Warper on Oct 11, 2020.
             Was a Priest of Lugonu.
             Slain by an iguana (10 damage)
             ... on level 3 of the Dungeon.
             The game lasted 00:06:42 (4159 turns).

Lanoc the Poker (Formicid Warper)                   Turns: 4159, Time: 00:06:42

Health: 0/53       AC:  9    Str: 16    XL:     7   Next: 15%
Magic:  10/10      EV: 10    Int: 12    God:    Lugonu [***...]
Gold:   162        SH:  0    Dex: 12    Spells: 10/10 levels left

rFire    + + .     SeeInvis +   a - +0 spear
rCold    x . .     Faith    +   (no shield)
rNeg     . . .     Spirit   .   e - +0 fire dragon scales
rPois    .         Reflect  .   (helmet unavailable)
rElec    .         Harm     .   (no cloak)
rCorr    .         Rampage  .   (no gloves)
MR       .....                  (no boots)
Stlth    ..........             h - amulet of faith
HPRegen  0.17/turn              (no ring)
MPRegen  0.12/turn              (no ring)

@: no status effects
A: permanent stasis, dig shafts and tunnels, four strong arms, antennae 3
a: Dig, Shaft Self, Depart the Abyss, Bend Space, Banish, Renounce Religion


You were on level 3 of the Dungeon.
You worshipped Lugonu.
Lugonu was most pleased with you.
You visited 1 branch of the dungeon, and saw 4 of its levels.

You collected 162 gold pieces.

Inventory:

Hand Weapons
 a - a +0 spear (weapon)
Missiles
 d - 5 boomerangs of dispersal (quivered)
Armour
 e - +0 fire dragon scales (worn)
Jewellery
 h - an amulet of faith (around neck)
Wands
 n - a wand of disintegration (11)
Scrolls
 b - 3 scrolls of identify {unknown}
 f - a scroll of fear {unknown}
 i - a scroll of enchant weapon {unknown}
 j - 3 scrolls of amnesia {unknown}
 m - a scroll of blinking {unknown}
Potions
 g - a potion of berserk rage {unknown}
 k - a potion of heal wounds {unknown}
 l - a potion of flight {unknown}


   Skills:
 + Level 3.6 Fighting
 * Level 4.4 Polearms
 - Level 1.0 Throwing
 + Level 3.0 Armour
 + Level 2.9 Dodging
 - Level 2.1 Spellcasting
   Level 2.6 Translocations
 * Level 3.2 Invocations


You had 10 spell levels left.
You didn't know any spells.
Your spell library contained the following spells:

 Spells                   Type           Power        Failure   Level
 Gell's Gravitas          Tloc           #.........   77%         3
 Lesser Beckoning         Tloc           #.........   77%         3
 Teleport Other           Tloc           #.......     77%         3
 Passage of Golubria      Tloc           N/A          99%         4
 Blink                    Tloc           Unusable     N/A         2

Dungeon Overview and Level Annotations

Branches:
Dungeon (4/15)
 Temple: D:4-7

Altars:
Ashenzari
Lugonu

Annotations:
D:2 Sigmund
D:4 Eustachio


Innate Abilities, Weirdness & Mutations

You cannot be hasted, slowed, berserked, paralysed or teleported.
You can dig through walls and to a lower floor.
Your four strong arms can wield two-handed weapons with a shield.
You have a pair of large antennae on your head. (SInv)


Message History

The iguana closely misses you.
You hit the iguana.
The iguana is heavily wounded.
You closely miss the iguana.
The iguana is heavily wounded.
The iguana completely misses you.
You closely miss the iguana.
The iguana is heavily wounded.
The iguana bites you!
You barely miss the iguana.
The iguana is heavily wounded.
The iguana bites you but does no damage.
You hit the iguana.
The iguana is heavily wounded.
The iguana bites you!
* * * LOW HITPOINT WARNING * * *
You hit the iguana.
The iguana is severely wounded.
The iguana bites you!
You die...

####### #........###.# ......#
######....##.# #####.#########
#.##.##.# ## #..g{g.g..#
#.#...#.# .############.#
#.......# ....# ##### #)#
###...### .##.###...###)### #...#
.#...†††...(...l### #...# #
..###†###.......@.#######...#####
..#.....#.#....(..#..............
..#.###.#.#......................
..#..|..#.#.......#..............
..#.###.#.........#####......####
..#.....#.........# #.#....# #
#.###.###..####.### #.#....# #
##.......### #.# #)#....#
...####### #.# #####.#....#


You could see an iguana.

Vanquished Creatures
  A sky beast (D:4)
  A scorpion (D:4)
  An orc priest (D:3)
  An orc wizard (D:3)
  Terence (D:2)
  A worker ant (D:3)
  4 gnolls
  4 adders
  A worm (D:4)
  A dart slug (D:1)
  3 leopard geckos
  8 orcs
  2 giant cockroaches (D:3)
  10 goblins
  11 hobgoblins
  8 jackals (D:3)
  2 quokkas (D:3)
  A ball python (D:3)
  5 bats
  2 frilled lizards
  6 kobolds
  6 rats
80 creatures vanquished.

Vanquished Creatures (others)
  A fungus (D:4)
1 creature vanquished.

Grand Total: 81 creatures vanquished

Notes
Turn   | Place    | Note
-------+----------+-------------------------------------------
     0 | D:1      | Lanoc the Formicid Warper began the quest for the Orb.
     0 | D:1      | Reached XP level 1. HP: 16/16 MP: 3/3
    45 | D:1      | Reached XP level 2. HP: 20/23 MP: 5/5
   252 | D:2      | Noticed Sigmund
   379 | D:1      | Reached XP level 3. HP: 28/28 MP: 6/6
   573 | D:2      | Noticed Terence
   599 | D:2      | Killed Terence
   599 | D:2      | Reached XP level 4. HP: 25/34 MP: 7/7
   615 | D:2      | Reached skill level 3 in Polearms
   850 | D:2      | Found a broken altar of Ashenzari.
  1223 | D:2      | Found a faded altar of an unknown god.
  1227 | D:2      | Became a worshipper of Lugonu the Unformed
  1227 | D:2      | Reached * piety under Lugonu
  1227 | D:2      | Reached ** piety under Lugonu
  1325 | D:3      | Reached XP level 5. HP: 19/41 MP: 8/8
  1629 | D:3      | Reached skill level 1 in Invocations
  1685 | D:3      | Reached *** piety under Lugonu
  3098 | D:3      | Reached XP level 6. HP: 34/47 MP: 9/9
  3121 | D:3      | Reached skill level 4 in Polearms
  3985 | D:4      | Noticed a sky beast
  4008 | D:4      | Killed a sky beast
  4008 | D:4      | Reached XP level 7. HP: 37/53 MP: 10/10
  4109 | D:4      | Noticed Eustachio
  4159 | D:3      | Slain by an iguana

Illustrated notes

Levels and vault maps discovered:
D:1:      ebering_hopf_link, layout_loops_ring
D:2:      layout_rooms, chequers_ecumenical_altar_grove,
          nicolae_ashenzari_panopticon, uniq_sigmund, uniq_terence
D:3:      layout_loops_cross, minmay_checkerbox
D:4:      layout_basic, gammafunk_temple_overflow_statue,
          uniq_crazy_yiuf_cottage, uniq_robin, uniq_eustachio

Skill      XL: |  1  2  3  4  5  6 |
---------------+-------------------+-----
Dodging        | 2 |  2.9
Polearms       | 3 4 |  4.4
Armour         | 2 3 |  3.0
Fighting       | 3 |  3.6
Invocations    | 2 3 |  3.2
Throwing       | |  1.0
Spellcasting   | |  2.1
Translocations | |  2.6

Action                   |  1- 3 |  4- 6 |  7- 9 || total
-------------------------+-------+-------+-------++-------
Melee: Spear             |    95 |   423 |    26 ||   544
Invok: Bend Space        |       |     1 |       ||     1
  Use: Potion            |       |     4 |       ||     4
Armor: Leather armour    |     3 |       |       ||     3
       Fire dragon scale |    18 |   166 |    11 ||   195
Dodge: Dodged            |    30 |   169 |    10 ||   209

Table legend: (Time is in decaauts)
 A = Elapsed time spent in this place.
 B = Non-inter-level travel time spent in this place.
 C = Inter-level travel time spent in this place.
 D = Time resting spent in this place.
 E = Time spent auto-exploring this place.
 F = Levels seen in this place.
 G = Mean time per level.
                   A        B        C        D        E       F      G
               +--------+--------+--------+--------+--------+-----+--------+
         Total |   4129 |   4110 |     19 |   1165 |   2028 |   4 | 1032.2 |
       Dungeon |   4129 |   4110 |     19 |   1165 |   2028 |   4 | 1032.2 |
               +--------+--------+--------+--------+--------+-----+--------+

Top non-repeatable levels by time:
     D:3: 1480 daAuts
     D:4: 1370 daAuts
     D:2: 775 daAuts
     D:1: 503 daAuts
